 Dungeon Crawl Stone Soup version 0.31-a0-145-g046c7d2549 (webtiles) character file.

Game seed: 17833840727782362488

2074 Irreverend the Ruffian (level 9, 0/89 HPs)
             Began as a Troll Fighter on June 6, 2023.
             Was an Initiate of Wu Jian.
             Slain by a troll (14 damage)
             ... on level 7 of the Dungeon.
             The game lasted 00:07:02 (4567 turns).

Irreverend the Ruffian (Troll Fighter)              Turns: 4567, Time: 00:07:03

Health: 0/89       AC:  0    Str: 26    XL:     9   Next: 6%
Magic:  8/8        EV: 14    Int: 14    God:    Wu Jian [......]
Gold:   230        SH:  9    Dex:  9    Spells: 8/8 levels left

rFire   . .          .
                       - Unarmed
rCold   . . .        b - +0 kite shield
rNeg    . . .        a - +0 robe
rPois   .            (helmet restricted)
rElec   .            (no cloak)
rCorr   .            (gloves unavailable)
SInv    .            (boots unavailable)
Will    .....        (no amulet)
Stlth   +            h - +5 ring of evasion
HPRegen 1.14/turn    t - +6 ring of intelligence
MPRegen 0.11/turn

%: no passive effects
@: corroded
A: large, unfitting armour, claws 3, regeneration 1, shaggy fur 1, tough skin 1
a: Renounce Religion


You were on level 7 of the Dungeon.
You worshipped Wu Jian.
Wu Jian was noncommittal.
You visited 2 branches of the dungeon, and saw 8 of its levels.
You also visited: Ossuary.

You collected 230 gold pieces.

Inventory:

Armour
 a - a +0 robe (worn)
 b - a +0 kite shield (worn)
 z - a +0 tower shield
Jewellery
 h - a +5 ring of evasion (left claw)
 t - a +6 ring of intelligence (right claw)
 B - a +6 ring of intelligence
 C - an amulet of faith
Wands
 i - a wand of roots (5)
 A - a wand of light (10)
Scrolls
 d - 6 scrolls of identify {unknown}
 g - 4 scrolls of enchant armour {unknown}
 m - 3 scrolls of poison {unknown}
 n - a scroll of brand weapon {unknown}
 p - 2 scrolls of vulnerability {unknown}
 q - 3 scrolls of magic mapping {unknown}
 u - a scroll of amnesia {unknown}
 w - 3 scrolls of enchant weapon {unknown}
 x - a scroll of teleportation {unknown}
 y - 2 scrolls of blinking {unknown}
 D - a scroll of noise {unknown}
Potions
 c - 2 potions of might
 e - a potion of cancellation {unknown}
 f - 9 potions of brilliance {unknown}
 j - 4 potions of berserk rage {unknown}
 k - 3 potions of curing {unknown}
 l - 4 potions of lignification {unknown}
 o - 3 potions of mutation {unknown}
 r - a potion of enlightenment {unknown}
 s - a potion of haste {unknown}
 v - 3 potions of degeneration {unknown}


   Skills:
 + Level 6.3 Fighting
 + Level 2.4 Dodging
 + Level 6.8 Shields
 * Level 7.1 Unarmed Combat


You had 8 spell levels left.
You didn't know any spells.
Your spell library contained the following spells:

 Spells                   Type           Power      Damage    Failure   Level
 Cigotuvi's Dreadful Rot  Necr/Pois/Air  0%         N/A       63%         2
 Inner Flame              Hex/Fire       0%         N/A       85%         3
 Portal Projectile        Hex/Tloc       0%         N/A       85%         3
 Summon Guardian Golem    Hex/Summ       0%         N/A       85%         3
 Tukima's Dance           Hex            0%         N/A       85%         3
 Dispel Undead            Necr           0%         3d6       99%         4
 Blade Hands              Tmut           0%         N/A       100%        5
 Yara's Violent Unravell  Hex/Tmut       0%         3d3       100%        5
 Death Channel            Necr           0%         N/A       100%        6
 Enfeeble                 Hex            0%         N/A       100%        7
 Orb of Destruction       Conj           0%         9d5       100%        7
 Spellforged Servitor     Conj/Summ      0%         N/A       100%        7


Dungeon Overview and Level Annotations

Branches:
Dungeon (7/15)             Temple (1/1) D:5         Ossuary (visited)

Altars:
Ashenzari
Cheibriados
Elyvilon
Fedhas
Gozag
Hepliaklqana
Kikubaaqudgha
Makhleb
Nemelex Xobeh
Ru
Sif Muna
Trog
Wu Jian
The Shining One

Annotations:
D:3 2 runed translucent doors, Crazy Yiuf


Innate Abilities, Weirdness & Mutations

You are too large for most types of armour.
You have claws for hands.
Your natural rate of healing is unusually fast.
You are covered in fur. (AC +1)
You have tough skin. (AC +1)


Message History

You barely miss the troll.
The troll is moderately wounded.
The troll barely misses you. x3
You closely miss the troll.
The troll is moderately wounded.
You block the troll's attack. x2; The troll claws you.
You scratch the troll.
The troll is moderately wounded.
The troll bites you! The troll claws you! You block the troll's attack.
You are too injured to fight recklessly!
You are too injured to fight recklessly!
You are too injured to fight recklessly!
You are too injured to fight recklessly!
You are too injured to fight recklessly!
You are too injured to fight recklessly!
You are too injured to fight recklessly!
You are too injured to fight recklessly!
You are too injured to fight recklessly!
You are too injured to fight recklessly!
You are too injured to fight recklessly!
You are too injured to fight recklessly!
You are too injured to fight recklessly!
You are too injured to fight recklessly!
You are too injured to fight recklessly!
You are too injured to fight recklessly!
You are too injured to fight recklessly!
You claw the troll!
The troll is almost dead.
The troll barely misses you. The troll closely misses you. The troll claws you.
You scratch the troll.
The troll is almost dead.
The troll bites you!
* * * LOW HITPOINT WARNING * * *
The troll claws you!
* * * LOW HITPOINT WARNING * * *
You block the troll's attack.
You closely miss the troll.
The troll is almost dead.
The troll closely misses you. The troll claws you!
You die...

#. .# #. ...#
####.#### ...#
........# ...# .
.......####...#.#
#.!...........
.#..#.)...........
......T@.....#
##..#.#..##.## .
......#.## ..
.......##.# .#
####.#####.## #.#
#. ##.## ##.### #
##.###.....
########....#
#......##...# .#


You could see a troll.

Vanquished Creatures
  Prince Ribbit (D:5)
  Sigmund (D:2)
  A wraith (Ossuary)
  2 water moccasins (D:6)
  2 ice beasts (D:6)
  A sky beast (D:7)
  3 ogres (D:5)
  The ghost of oldplebian the Digger, an amateur DgEE (D:3)
  An elf zombie (Ossuary)
  2 bullfrogs
  2 scorpions
  A hound (D:5)
  A human zombie (D:5)
  2 orc priests (D:5)
  A jelly (D:7)
  Terence (D:3)
  An iguana (D:4)
  2 orc wizards (D:5)
  3 mummies (Ossuary)
  5 adders
  A shadow imp (D:6)
  2 white imps (D:7)
  3 worms
  2 dart slugs
  8 orcs
  5 endoplasms
  2 giant cockroaches
  2 gnoll zombies (Ossuary)
  4 hobgoblins
  2 jackals (D:1)
  7 quokkas
  5 ball pythons
  7 bats
  3 frilled lizards
  7 goblins
  3 hobgoblin zombies (Ossuary)
  8 kobolds
  5 kobold zombies (Ossuary)
  An orc zombie (Ossuary)
  4 rats
115 creatures vanquished.

Notes
Turn   | Place    | Note
-------+----------+-------------------------------------------
     0 | D:1      | Irreverend the Troll Fighter began the quest for the Orb.
     0 | D:1      | Reached XP level 1. HP: 22/22 MP: 0/0
     1 | D:1      | Noticed an electric eel
   301 | D:1      | Reached XP level 2. HP: 29/29 MP: 1/1
   880 | D:2      | Noticed Sigmund
   889 | D:2      | Killed Sigmund
   890 | D:2      | Reached skill level 3 in Unarmed Combat
   890 | D:2      | Reached XP level 3. HP: 34/37 MP: 2/2
   890 | D:2      | Reached XP level 4. HP: 41/45 MP: 3/3
   890 | D:2      | Reached XP level 5. HP: 49/53 MP: 4/4
  1461 | D:3      | Found a runed translucent door.
  1464 | D:3      | Noticed Terence
  1466 | D:3      | Noticed oldplebian's ghost (amateur DgEE)
  1473 | D:3      | Killed Terence
  1523 | D:3      | Found a faded altar of an unknown god.
  1575 | D:3      | Found a runed translucent door.
  1804 | D:3      | Found a runed translucent door.
  1805 | D:3      | Noticed Crazy Yiuf
  1956 | D:3      | Reached XP level 6. HP: 58/62 MP: 5/5
  2008 | D:3      | Killed oldplebian's ghost
  2009 | D:3      | Reached skill level 4 in Unarmed Combat
  2148 | D:4      | You fall into a shaft and drop 2 floors!
  2190 | D:5      | Entered Level 5 of the Dungeon
  2210 | D:5      | Found a sand-covered staircase.
  2230 | Ossuary  | Entered an ossuary
  2230 | Ossuary  | Noticed a wraith
  2230 | Ossuary  | Noticed a wraith
  2230 | Ossuary  | Noticed a wraith
  2464 | Ossuary  | Noticed a wraith
  2474 | Ossuary  | Killed a wraith
  2475 | Ossuary  | Reached skill level 5 in Shields
  2475 | Ossuary  | Reached XP level 7. HP: 69/71 MP: 6/6
  2575 | Ossuary  | Reached skill level 5 in Unarmed Combat
  2681 | D:5      | Noticed Prince Ribbit
  2696 | D:5      | Killed Prince Ribbit
  2794 | D:5      | Reached skill level 5 in Fighting
  2820 | D:5      | Reached XP level 8. HP: 80/80 MP: 7/7
  3041 | D:5      | Reached skill level 6 in Unarmed Combat
  3550 | D:5      | Found a staircase to the Ecumenical Temple.
  3556 | Temple   | Entered the Ecumenical Temple
  3572 | Temple   | Became a worshipper of the Wu Jian Council
  4323 | D:6      | Found a shimmering blue altar of Sif Muna.
  4448 | D:7      | Reached skill level 7 in Unarmed Combat
  4507 | D:7      | Reached XP level 9. HP: 72/89 MP: 8/8
  4555 | D:7      | Noticed a troll
  4567 | D:7      | Slain by a troll

Illustrated notes

Levels and vault maps discovered:
D:1:      arrival_aquarium_a, layout_basic
D:2:      layout_basic, minmay_crystal_water, uniq_sigmund
D:3:      layout_rooms, chequers_ecumenical_altar_island, ebering_ghost_sewer_f,
          uniq_crazy_yiuf_cottage, uniq_terence
D:4:      layout_basic, nicolae_uskayaw_en_pointe, serial_park_tiny_1,
          minmay_goblin_kobold_house
D:5:      wander_guarded_unrand_ratskin, layout_basic,
          minmay_temple_entry_fiery, enter_ossuary_3,
          dreamdust_mushroom_princess, dreamdust_princess_corridor,
          uniq_prince_ribbit1
D:6:      layout_loops_ring, lemuel_blue_sif_altar
D:7:      layout_loops_cross, dk_yredelemnul_ordeal, enter_bailey_2, uniq_maggie
Temple:   nicolae_temple_x_marks_the_god

Skill      XL: |  1  2  3  4  5  6  7  8 |
---------------+-------------------------+-----
Shields        | 3 4 5 6 |  6.8
Fighting       | 3 4 5 6 |  6.3
Unarmed Combat | 3 4 5 7 |  7.1
Dodging        | |  2.4

Action                     |  1- 3 |  4- 6 |  7- 9 || total
---------------------------+-------+-------+-------++-------
  Melee: Unarmed           |    50 |   197 |   168 ||   415
Ability: Lunge             |       |       |    10 ||    10
   Stab: Sleeping          |     1 |       |       ||     1
 Armour: Robe              |    10 |    38 |    20 ||    68
  Dodge: Dodged            |    14 |    87 |    75 ||   176
  Block: Kite shield       |    18 |    80 |    57 ||   155

Table legend: (Time is in decaauts)
 A = Elapsed time spent in this place.
 B = Non-inter-level travel time spent in this place.
 C = Inter-level travel time spent in this place.
 D = Time resting spent in this place.
 E = Time spent auto-exploring this place.
 F = Levels seen in this place.
 G = Mean time per level.
                   A        B        C        D        E       F      G
               +--------+--------+--------+--------+--------+-----+--------+
         Total |   4583 |   4328 |    255 |     60 |   3372 |   9 |  509.2 |
       Dungeon |   4139 |   3905 |    234 |     60 |   3106 |   7 |  591.3 |
        Temple |     22 |      1 |     21 |      0 |      0 |   1 |   22.0 |
       Ossuary |    420 |    420 |      0 |      0 |    266 |   1 |  420.0 |
               +--------+--------+--------+--------+--------+-----+--------+

Top non-repeatable levels by time:
     D:5: 993 daAuts
     D:6: 853 daAuts
     D:1: 834 daAuts
     D:3: 684 daAuts
     D:2: 615 daAuts
 Ossuary: 420 daAuts
     D:7: 137 daAuts
  Temple: 22 daAuts
     D:4: 21 daAuts
